 Dungeon Crawl Stone Soup version 0.17-a0-483-g810ce3f (webtiles) character file.

404 Radiman the Chopper (level 6, -4/51 HPs)
             Began as a Centaur Fighter on Apr 8, 2015.
             Slain by an ogre
             ... wielding a +0 giant club
              (16 damage)
             ... on level 5 of the Dungeon.
             The game lasted 00:11:54 (4214 turns).

Radiman the Chopper (Centaur Fighter)               Turns: 4214, Time: 00:11:54

Health: -4/51      AC:  8    Str: 18    XL:     6   Next: 56%
Magic:  6/6        EV:  5    Int:  7    God:
Gold:   129        SH:  8    Dex: 11    Spells: 0 memorised, 5 levels left

rFire  . . .     SeeInvis +     a - +0 war axe
rCold  . . .     Clarity  .     b - +0 scale mail
rNeg   . . .     SustAb   .     c - +0 shield
rPois  .         Gourm    .     (no helmet)
rElec  .         Spirit   .     g - +0 cloak
rCorr  .         Warding  .     f - +0 pair of gloves
rMut   .         Stasis   .     (no barding)
MR     +....                    (no amulet)
Stlth  ..........               v - ring of see invisible
                                h - ring of protection from magic

@: very quick, somewhat resistant to hostile enchantments, extremely unstealthy
A: hooves 3, deformed body, speed 2, tough skin 3
a: no special abilities


You were on level 5 of the Dungeon.
You were not hungry.

You visited 1 branch of the dungeon, and saw 5 of its levels.

You collected 129 gold pieces.

Inventory:

Hand weapons
 a - a +0 war axe (weapon)
 y - a +0 quarterstaff of protection
Missiles
 z - 18 poisoned needles
Armour
 b - a +0 scale mail (worn)
 c - a +0 shield (worn)
 f - a +0 pair of gloves (worn)
 g - a +0 cloak (worn)
Jewellery
 h - a ring of protection from magic (left hand)
 v - a ring of see invisible (right hand)
 w - a +4 ring of intelligence
Scrolls
 l - a scroll of random uselessness {unknown}
 n - a scroll of enchant weapon {unknown}
 o - 2 scrolls of teleportation {unknown}
 s - 3 scrolls of amnesia
 u - a scroll of remove curse {unknown}
Potions
 e - 3 potions of might
 j - a potion of curing
 k - a potion of lignification
 m - 2 potions of heal wounds
 p - 2 potions of cure mutation
 q - a potion of haste
 t - 3 potions of restore abilities
 x - 2 potions of berserk rage
Comestibles
 d - 7 bread rations
 r - a royal jelly


   Skills:
 - Level 3.0 Fighting
 * Level 6.5 Axes
 - Level 2.1 Armour
 - Level 2.1 Shields


You had 5 spell levels left.
You didn't know any spells.

Dungeon Overview and Level Annotations

Branches:
Dungeon (5/15)
 Temple: D:4-7

Altars:
Cheibriados
Elyvilon
Nemelex Xobeh
Qazlal
Ru
Vehumet

Annotations:
D:3 Grinder


Innate Abilities, Weirdness & Mutations

You have hooves in place of feet.
Armour fits poorly on your strangely shaped body.
You cover ground very quickly.
You have extremely tough skin (AC +3).


Message History

The withered plant is almost destroyed.
You completely miss the withered plant.
The withered plant is almost destroyed.
You slash the withered plant!
You destroy the withered plant!
Found a stone staircase leading down.
An ogre comes into view. It is wielding a giant club.
The ogre shouts!
The ogre hits you with a giant club!
You barely miss the ogre. You kick the ogre.
The ogre is lightly wounded.
You block the ogre's attack.
You hit the ogre. You kick the ogre.
The ogre is moderately wounded.
The ogre hits you with a giant club!!
* * * LOW HITPOINT WARNING * * *
You barely miss the ogre.
The ogre is moderately wounded.
The ogre hits you with a giant club!
You die...

####### ###
#####........ #.#
#...@O....... # #.#
#..........##
###.###.###.###.###..#
.................... #
#.#.........###.#.#
###.#.###§........#.#
....§#§§..##.###.# #
#.#.#.§....##.# .#
......§§§......# .


You could see an ogre.

Vanquished Creatures
  An ice beast (D:5)
  A scorpion (D:4)
  2 iguanas (D:4)
  2 worker ants
  2 hound zombies (D:5)
  3 adders
  2 worms (D:3)
  An adder zombie (D:5)
  An adder skeleton (D:4)
  2 giant geckos
  A bat skeleton (D:4)
  7 giant cockroaches
  6 goblins
  8 hobgoblins
  10 jackals
  6 kobolds
  2 ball pythons
  9 bats
  5 giant newts
  A jackal skeleton (D:4)
  A quokka (D:3)
  A quokka skeleton (D:5)
  7 rats
  A plant (D:5)
82 creatures vanquished.

Notes
Turn   | Place    | Note
--------------------------------------------------------------
     0 | D:1      | Radiman, the Centaur Fighter, began the quest for the Orb.
     0 | D:1      | Reached XP level 1. HP: 19/19 MP: 1/1
   179 | D:1      | Reached XP level 2. HP: 20/26 MP: 2/2
   765 | D:1      | Reached XP level 3. HP: 31/31 MP: 3/3
   811 | D:2      | Found a sacrificial altar of Ru.
  1583 | D:2      | Found a radiant altar of Vehumet.
  1591 | D:2      | Found a snail-covered altar of Cheibriados.
  1591 | D:2      | Found a sparkling altar of Nemelex Xobeh.
  1602 | D:2      | Found a white marble altar of Elyvilon.
  1606 | D:2      | Found a stormy altar of Qazlal.
  1730 | D:3      | Reached XP level 4. HP: 34/38 MP: 4/4
  1824 | D:3      | Reached skill level 4 in Axes
  2368 | D:3      | Noticed Grinder
  2746 | D:4      | Reached XP level 5. HP: 24/45 MP: 5/5
  3046 | D:4      | Reached skill level 5 in Axes
  3808 | D:5      | Entered Level 5 of the Dungeon
  3823 | D:5      | Reached XP level 6. HP: 37/51 MP: 6/6
  3975 | D:5      | Noticed an ice beast
  4006 | D:5      | Killed an ice beast
  4006 | D:5      | Reached skill level 6 in Axes
  4208 | D:5      | Noticed an ogre
  4214 | D:5      | Slain by an ogre

Action                   |  1- 3 |  4- 6 || total
-------------------------+-------+-------++-------
Melee: War axe           |   121 |   158 ||   279
  Use: Scroll            |       |     9 ||     9
  Eat: Chunk             |     2 |     7 ||     9
